 Dungeon Crawl Stone Soup version 0.18.1-48-g4cf74bf (webtiles) character file.

537 mopl the Sneak (level 7, 0/37 HPs)
             Began as a Vine Stalker Wanderer on Aug 31, 2016.
             Was an Initiate of Pakellas.
             Killed by nerve-wracking pain
             ... invoked by a shadow imp
              (5 damage)
             ... on level 4 of the Dungeon.
             The game lasted 00:06:26 (3223 turns).

mopl the Sneak (Vine Stalker Wanderer)              Turns: 3223, Time: 00:06:28

Health: 0/37       AC:  2    Str: 12    XL:     7   Next: 25%
Magic:  0/9        EV: 12    Int:  5    God:    Pakellas [......]
Gold:   134        SH:  0    Dex: 16    Spells: 0 memorised, 6 levels left

rFire  . . .     SeeInvis .     q - +0 whip (elec)
rCold  . . .     Gourm    .     d - +0 robe
rNeg   . . .     Faith    .     (no shield)
rPois  .         Spirit   +     (no helmet)
rElec  .         Dismiss  .     (no cloak)
rCorr  .         Reflect  .     (no gloves)
SustAt .         Harm     .     (no boots)
MR     .....                    (no amulet)
Stlth  +++.......               y - -3 ring of strength (curse)
                                k - -6 ring of intelligence (curse)

@: not resistant to hostile enchantments, fairly stealthy
A: fangs 2, regeneration 2, magic shield, antimagic bite, no device heal 3, rot
immunity
a: Renounce Religion


You were on level 4 of the Dungeon.
You worshipped Pakellas.
Pakellas was noncommittal.
You were not hungry.

You visited 2 branches of the dungeon, and saw 6 of its levels.

You collected 134 gold pieces.

Inventory:

Hand Weapons
 a - a +2 mace
 p - a +0 long sword
 q - a +0 whip of electrocution (weapon)
 w - a +1 dagger of pain
Missiles
 v - 2 tomahawks (quivered)
Armour
 d - a +0 robe (worn)
Jewellery
 k - a cursed -6 ring of intelligence (left hand)
 u - a +3 ring of intelligence
 y - a cursed -3 ring of strength (right hand)
Wands
 e - a wand of lightning (9/15)
Scrolls
 h - a scroll of teleportation {unknown}
 o - a scroll of noise {unknown}
 t - a scroll of immolation {unknown}
Potions
 b - 2 potions of flight
 c - 2 potions of curing
 g - 4 potions of brilliance {unknown}
 i - a potion of invisibility
 n - 3 potions of haste {unknown}
 r - a potion of agility
Comestibles
 f - 3 bread rations
 j - 2 royal jellies
 m - a meat ration
 s - a slice of pizza


   Skills:
 + Level 3.9 Fighting
 - Level 1.0(2.2) Short Blades
 * Level 3.1(3.3) Long Blades
 - Level 1.7 Maces & Flails
 + Level 3.0 Throwing
 - Level 1.0 Dodging
 + Level 4.9 Stealth
 * Level 2.3 Evocations


You had 6 spell levels left.
You didn't know any spells.

Dungeon Overview and Level Annotations

Branches:
Dungeon (5/15)             Temple (1/1) D:4

Altars:
Cheibriados
Dithmenos
Elyvilon
Fedhas
Gozag
Kikubaaqudgha
Makhleb
Nemelex Xobeh
Okawaru
Pakellas
Qazlal
Sif Muna
Trog
Vehumet
Xom
Yredelemnul
The Shining One

Annotations:
D:4 Pikel


Innate Abilities, Weirdness & Mutations

You have extremely sharp teeth.
You heal very quickly.
When hurt, damage is shared between your health and your magic reserves.
Your bite disrupts and absorbs the magic of your enemies.
Potions and wands cannot restore your health.
You are immune to rotting.


Message History

* * * LOW HITPOINT WARNING * * *
Blork the orc points at you and mumbles some strange words.
The puff of flame hits you!
* * * LOW HITPOINT WARNING * * *
You hit Blork the orc but do no damage.
There is a sudden explosion of sparks!
You kill Blork the orc!
Pakellas accepts your kill.
You feel your power returning.
Your Throwing skill increases to level 3!
The shadow imp hits you.
* * * LOW HITPOINT WARNING * * *
You hit the shadow imp. You bite the shadow imp.
The shadow imp's magic leaks into the air.
You drain its magic.
You feel invigorated.
The shadow imp is heavily wounded.
The shadow imp grins evilly.
The shadow imp gestures at you. Pain shoots through your body!
You die...
Pakellas says: That's one more possible approach eliminated.

#.# ..#.## ##'## #.<..
##...## #>#.#
##.....## #.#.#
##.......## #...#
##.........####...##
.'.>.......'.......#
##.........####...##.#
##.......## #.@5...#
##.....## ##.).###
##...## ###.#
#####'######### .#
#.....#.......# #
##.....#...(...#
.......#.......#
##..............
#.............#


You could see a shadow imp.

Vanquished Creatures
  Blork the orc (D:4)
  A crimson imp (D:5)
  2 giant frog skeletons (D:4)
  An orc priest (D:3)
  A centaur skeleton (D:5)
  A hound (D:4)
  3 orc wizards
  An iguana (D:4)
  A worker ant (D:5)
  3 adders
  3 gnolls
  An ooze (D:5)
  3 worms (D:2)
  5 giant geckos
  14 orcs
  2 ball pythons
  A giant cockroach (D:3)
  5 goblins (D:1)
  6 hobgoblins
  3 jackals
  A quokka (D:4)
  8 bats
  3 giant newts
  4 kobolds
  20 rats
94 creatures vanquished.

Notes
Turn   | Place    | Note
--------------------------------------------------------------
     0 | D:1      | mopl the Vine Stalker Wanderer began the quest for the Orb.
     0 | D:1      | mopl set off with: a +2 mace, a +0 hand axe, a potion of curing, a +0 robe, a +0 dagger, a bread ration
     0 | D:1      | Reached XP level 1. HP: 11/11 MP: 2/2
   120 | D:1      | Reached XP level 2. HP: 16/16 MP: 3/3
   184 | D:1      | Reached skill level 3 in Stealth
   265 | D:1      | Reached skill level 1 in Short Blades
   265 | D:1      | Reached XP level 3. HP: 14/19 MP: 2/4
   509 | D:1      | Reached skill level 3 in Fighting
   789 | D:2      | Found a glowing golden altar of the Shining One.
   790 | D:2      | Found a sparkling altar of Nemelex Xobeh.
   817 | D:2      | Found an iron altar of Okawaru.
  1194 | D:2      | Noticed a moth of wrath
  1197 | D:2      | Found a bloodstained altar of Trog.
  1372 | D:2      | Reached XP level 4. HP: 20/24 MP: 5/5
  1580 | D:3      | HP: 1/24 [gnoll/spear (1)]
  1624 | D:2      | You fall through a shaft!
  1746 | D:3      | Reached skill level 2 in Throwing
  1909 | D:3      | Reached skill level 1 in Long Blades
  2053 | D:3      | Reached skill level 4 in Stealth
  2053 | D:3      | Reached XP level 5. HP: 24/28 MP: 6/6
  2327 | D:3      | Reached skill level 2 in Long Blades
  2518 | D:4      | Found a staircase to the Ecumenical Temple.
  2527 | Temple   | Entered the Ecumenical Temple
  2571 | Temple   | Became a worshipper of Pakellas the Inventive
  2644 | D:4      | Gained mutation: You heal very quickly. [Vine Stalker growth]
  2644 | D:4      | Reached XP level 6. HP: 32/32 MP: 7/7
  2688 | D:4      | Found a stormy altar of Qazlal.
  2691 | D:4      | Found a blossoming altar of Fedhas.
  2845 | D:4      | Noticed a slave
  2846 | D:4      | Noticed Pikel
  2866 | D:5      | Entered Level 5 of the Dungeon
  3006 | D:5      | Reached skill level 2 in Evocations
  3112 | D:4      | Reached skill level 3 in Long Blades
  3112 | D:4      | Reached XP level 7. HP: 34/37 MP: 7/9
  3212 | D:4      | Noticed Blork the orc
  3222 | D:4      | Killed Blork the orc
  3222 | D:4      | Reached skill level 3 in Throwing
  3223 | D:4      | Killed from afar by a shadow imp

Skill      XL: |  1  2  3  4  5  6  7 |
---------------+----------------------+-----
Stealth        | 3 4 |  4.9
Short Blades   | 1 |  1.0
Fighting       | 3 |  3.9
Throwing       | 2 3 |  3.0
Long Blades    | 1 2 3 |  3.1
Evocations     | 2 |  2.3
Maces & Flails | |  1.7
Dodging        | |  1.0

Action                   |  1- 3 |  4- 6 |  7- 9 || total
-------------------------+-------+-------+-------++-------
Melee: Mace              |    85 |       |       ||    85
       Bite              |    16 |    39 |     4 ||    59
       Whip              |    21 |   139 |    18 ||   178
Evoke: Wand              |       |     2 |       ||     2
  Use: Scroll            |       |     3 |       ||     3
 Stab: Sleeping          |    11 |     5 |       ||    16
       Distracted        |       |     1 |       ||     1
  Eat: Chunk             |     2 |     5 |     1 ||     8
Armor: Robe              |     9 |    18 |       ||    27
Dodge: Dodged            |    51 |    77 |     8 ||   136
